 Dungeon Sprint DCSS version 0.30-a0-272-gf98c3da03f (webtiles) character file.

Game seed: 3405091758634667560

761 Low2 the Cruncher (level 7, 0/108 HPs)
             Began as an Ogre Gladiator on Oct 15, 2022.
             Was a Follower of Okawaru.
             Slain by a sixfirhy (5 damage)
             ... summoned by a kobold demonologist
             ... in the Dungeon (Sprint I: "Red Sonja").
             The game lasted 00:06:27 (708 turns).

Low2 the Cruncher (Ogre Gladiator)                   Turns: 708, Time: 00:06:28

Health: 0/108      AC:  3    Str: 21      XL:     7   Next: 80%
Magic:  7/7        EV: 12    Int:  7 (9)  God:    Okawaru [*.....]
Gold:   265        SH:  0    Dex: 10      Spells: 6/6 levels left

rFire   . . .      SeeInvis .    e - +4 scythe
rCold   . . .      Faith    .    (shield currently unavailable)
rNeg    . . .      Spirit   .    b - +0 robe
rPois   .          Reflect  .    c - +0 hat
rElec   .          Harm     .    (no cloak)
rCorr   .          Rampage  .    (gloves unavailable)
Will    .....      NoTele   +    (boots unavailable)
Stlth   ..........               (no amulet)
HPRegen 0.38/turn                (no ring)
MPRegen 0.10/turn                (no ring)

@: berserking (expiring), very quick
A: large, unfitting armour, tough skin 1, frail 1, devolution 1
a: Renounce Religion, Heroism


You were in the Dungeon.
You worshipped Okawaru.
Okawaru was aware of your devotion.
You visited 1 branch You collected 405 gold pieces.
You spent 140 gold pieces at shops.

Inventory:

Hand Weapons
 a - a +0 quarterstaff
 e - a +4 scythe (weapon)
Armour
 b - a +0 robe (worn)
 c - a +0 hat (worn)
Wands
 d - a wand of digging (5)
Scrolls
 f - 2 scrolls of identify
 g - a scroll of butterflies
 k - a scroll of blinking
Potions
 h - a potion of haste
 i - 2 potions of magic


   Skills:
 + Level 8.0 Fighting
 + Level 3.0(7.5) Polearms
 + Level 10.8(11.0) Staves
 + Level 6.9 Throwing
 + Level 8.3 Dodging
 + Level 2.1 Stealth


You had 6 spell levels left.
You didn't know any spells.
Your spell library was empty.

Dungeon Overview and Level Annotations

Branches:
Dungeon (1/1)

Altars:
Cheibriados
Dithmenos
Elyvilon
Fedhas
Gozag
Hepliaklqana
Kikubaaqudgha
Makhleb
Nemelex Xobeh
Okawaru
Qazlal
Ru
Sif Muna
Trog
Uskayaw
Vehumet
Wu Jian
Xom
Yredelemnul
Zin
The Shining One
Jiyva
Lugonu

Shops:
D ?


Innate Abilities, Weirdness & Mutations

You are too large for most types of armour.
You have tough skin. (AC +1)
You are frail. (-10% HP)
You have hidden genetic defects.


Message History

The kobold demonologist casts a spell.
The white imp closely misses you.
You puncture the white imp!
The white imp is severely wounded.
The kobold demonologist casts a spell.
The kobold demonologist looks satisfied for a moment.
The white imp gestures at you. The puff of frost hits you.
You barely miss the white imp.
The white imp is severely wounded.
You closely miss the white imp.
The white imp is severely wounded.
The sixfirhy hits you! The sixfirhy shocks you! The sixfirhy hits you!
* * * LOW HITPOINT WARNING * * *
The sixfirhy shocks you!
* * * LOW HITPOINT WARNING * * *
You are too berserk!
You slice the sixfirhy!!
The sixfirhy is almost dead.
You kill the sixfirhy!
The sixfirhy disappears in a puff of smoke!
You barely miss the kobold demonologist.
The kobold demonologist hits you with a +0 dagger.
* * * LOW HITPOINT WARNING * * *
You puncture the kobold demonologist!
The kobold demonologist is lightly wounded.
You closely miss the kobold demonologist.
The kobold demonologist is lightly wounded.
The smoke demon gestures at you. Something smites you!
* * * LOW HITPOINT WARNING * * *
You slash the white imp!
You kill the white imp!
The white imp disappears in a puff of smoke!
The kobold demonologist gestures wildly while chanting.
You are too berserk!
You impale the kobold demonologist!!
The kobold demonologist is severely wounded.
The sixfirhy barely misses you. The sixfirhy hits you.
You die...

######################
..)..#..'..#__#3@K33.#
).#..'[.#..'..'.K#5..#
####'#####'#__#### 5.+
###..#...#)#### ##
__####..##.#
_____##'#_.+
_.∩...÷..._#
_..__##_.#'#
_____###+#.#


You could see 2 kobold demonologists, a sixfirhy (summoned), 2 smoke demons and
2 shadow imps.

Vanquished Creatures
  A slime creature (D)
  Sigmund (D)
  A yak (D)
  A floating eye (D)
  An ogre (D)
  A jelly (D)
  Ijyb (D)
7 creatures vanquished.

Vanquished Creatures (others)
  A gargoyle (D)
1 creature vanquished.

Grand Total: 8 creatures vanquished

Notes
Turn   | Place    | Note
-------+----------+-------------------------------------------
     0 | D        | Low2 the Ogre Gladiator began the quest for the Orb.
     0 | D        | Reached XP level 1. HP: 22/22 MP: 1/1
     2 | D        | Noticed Ijyb
    17 | D        | Killed Ijyb
    18 | D        | Reached skill level 4 in Staves
    18 | D        | Reached XP level 2. HP: 19/32 MP: 2/2
    18 | D        | Reached XP level 3. HP: 24/39 MP: 3/3
    79 | D        | Noticed an ogre
    82 | D        | Killed an ogre
    83 | D        | Reached skill level 6 in Staves
    83 | D        | Reached skill level 5 in Dodging
    83 | D        | Reached XP level 4. HP: 29/49 MP: 4/4
   164 | D        | Noticed Sigmund
   186 | D        | Killed Sigmund
   187 | D        | Reached skill level 8 in Staves
   187 | D        | Reached skill level 5 in Throwing
   187 | D        | Reached skill level 1 in Stealth
   187 | D        | Reached XP level 5. HP: 11/61 MP: 5/5
   187 | D        | Reached XP level 6. HP: 12/68 MP: 6/6
   379 | D        | Found an ornate altar of the Wu Jian Council.
   379 | D        | Found a shimmering blue altar of Sif Muna.
   382 | D        | Found a radiant altar of Vehumet.
   425 | D        | Found Xacun's Magic Scroll Emporium.
   425 | D        | Found an ancient bone altar of Kikubaaqudgha.
   425 | D        | Found a hazy altar of Hepliaklqana.
   425 | D        | Found a stormy altar of Qazlal.
   425 | D        | Found a hide-covered altar of Uskayaw.
   425 | D        | Found a blossoming altar of Fedhas.
   425 | D        | Found a bloodstained altar of Trog.
   425 | D        | Found an iron altar of Okawaru.
   425 | D        | Found a basalt altar of Yredelemnul.
   425 | D        | Found a glowing golden altar of the Shining One.
   425 | D        | Found a snail-covered altar of Cheibriados.
   425 | D        | Found a sacrificial altar of Ru.
   425 | D        | Found a glowing silver altar of Zin.
   425 | D        | Found a shadowy altar of Dithmenos.
   425 | D        | Found a white marble altar of Elyvilon.
   425 | D        | Noticed a yak
   431 | D        | Killed a yak
   432 | D        | Reached skill level 9 in Staves
   432 | D        | Reached XP level 7. HP: 47/78 MP: 7/7
   432 | D        | Found an opulent altar of Gozag.
   433 | D        | Found a sparkling altar of Nemelex Xobeh.
   439 | D        | Became a worshipper of Warmaster Okawaru
   467 | D        | Killed a gargoyle
   527 | D        | Bought a scroll of identify for 28 gold pieces
   527 | D        | Bought a scroll of identify for 28 gold pieces
   527 | D        | Bought a scroll of poison for 56 gold pieces
   527 | D        | Bought a scroll of identify for 28 gold pieces
   540 | D        | Found a burning altar of Makhleb.
   540 | D        | Found a viscous altar of Jiyva.
   540 | D        | Found a shimmering altar of Xom.
   540 | D        | Found a corrupted altar of Lugonu.
   540 | D        | Noticed a slime creature
   547 | D        | Killed a slime creature
   548 | D        | Reached skill level 10 in Staves
   684 | D        | Noticed a kobold demonologist
   684 | D        | Noticed a kobold demonologist
   687 | D        | Noticed a smoke demon
   687 | D        | Reached * piety under Okawaru
   689 | D        | Noticed a neqoxec
   693 | D        | Gained mutation: You have hidden genetic defects. [a
                  | neqoxec]
   695 | D        | Noticed a sixfirhy
   695 | D        | Gained mutation: You are frail. (-10% HP) [a neqoxec]
   701 | D        | Noticed a smoke demon
   706 | D        | HP: 4/108 [smoke demon/divine providence[a kobold
                  | demonologist] (10)]
   708 | D        | Noticed a sixfirhy
   708 | D        | Slain by a sixfirhy

Illustrated notes

Levels and vault maps discovered:
D:        dungeon_sprint_1 [red_sonja_temple_1, red_sonja_temple_small_1]

Skill      XL: |  1  2  3  4  5  6  7 |
---------------+----------------------+-----
Fighting       | 3 4 6 7 8 |  8.0
Staves         | 4 6 8 9 10 | 10.8
Dodging        | 4 5 6 7 8 |  8.3
Throwing       | 4 5 6 |  6.9
Stealth        | 1 2 |  2.1
Polearms       | 3 |  3.0

Action                   |  1- 3 |  4- 6 |  7- 9 || total
-------------------------+-------+-------+-------++-------
Melee: Quarterstaff      |    11 |    17 |       ||    28
       Halberd           |       |     4 |    26 ||    30
Throw: Throwing net      |     4 |     1 |       ||     5
       Large rock        |     2 |     3 |       ||     5
       Stone             |       |     1 |     2 ||     3
  Use: Potion            |       |     2 |     1 ||     3
       Scroll            |       |       |     2 ||     2
 Stab: Held in net/web   |     1 |     1 |       ||     2
Armor: Robe              |       |       |     1 ||     1
Dodge: Dodged            |     2 |     4 |    12 ||    18

Table legend: (Time is in decaauts)
 A = Elapsed time spent in this place.
 B = Non-inter-level travel time spent in this place.
 C = Inter-level travel time spent in this place.
 D = Time resting spent in this place.
 E = Time spent auto-exploring this place.
 F = Levels seen in this place.
 G = Mean time per level.
                   A        B        C        D        E       F      G
               +--------+--------+--------+--------+--------+-----+--------+
         Total |    710 |    710 |      0 |    473 |      0 |   1 |  710.0 |
       Dungeon |    710 |    710 |      0 |    473 |      0 |   1 |  710.0 |
               +--------+--------+--------+--------+--------+-----+--------+

Top non-repeatable levels by time:
       D: 710 daAuts
